[Event "HUN-ch U8-U18 2019"]
[Site "Balatonlelle"]
[Date "2019.06.21"]
[Round "1.24"]
[White "Megyaszai, Balazs"]
[Black "Andras, Ferenc"]
[Result "1-0"]
[ECO "B01"]
[WhiteElo "1905"]
[BlackElo "1329"]
[Annotator "NA"]
[PlyCount "91"]
[EventDate "2019.06.21"]
[EventType "swiss"]
[EventCountry "HUN"]
[SourceTitle "playchess.com"]
[Source "ChessBase"]
[SourceQuality "1"]
[TimeControl "40/5400+30:1800+30"]

1. e4 d5 2. exd5 Qxd5 3. Nc3 Qa5 4. d4 Nf6 5. Nf3 Bf5 6. Bd3 Bxd3 7. Qxd3 c6 8. O-O e6 9. Ne5 Nbd7 10. Bf4 Nxe5 11. Bxe5 O-O-O 12. Qf3 Be7 13. a3 Rd7 14. b4 Qd8 15. b5 Qb6 16. Rab1 Bd6 17. Na4 Qc7 18. b6 axb6 19. Nxb6+ Kb8 20. Nxd7+ Qxd7 21. Rfd1 Rc8 22. h3 Qc7 23. Qb3 Rd8 24. Bxd6 Rxd6 25. Qg3 Ne4 26. Qe3 Nf6 27. Rd3 Rd5 28. Rdb3 Rb5 29. Rxb5 cxb5 30. Rxb5 Qxc2 31. Rc5 Qb1+ 32. Kh2 Qb6 33. Qg3+ Ka7 34. Qxg7 Ne4 35. Rc2 Qb3 36. Re2 Nd6 37. Qe5 Qxa3 38. Re3 Qb4 39. Rf3 b6 40. Qf4 Nf5 41. Qc7+ Ka6 42. Qc8+ Ka7 43. Rc3 Qd6+ 44. g3 b5 45. Rc6 Qa3 46. Qd7+ 1-0

[Event "HUN-ch U8-U18 2019"]
[Site "Balatonlelle"]
[Date "2019.06.21"]
[Round "1.25"]
[White "Petyko, Martin"]
[Black "Szikszai, Bertalan"]
[Result "0-1"]
[ECO "A49"]
[WhiteElo "1248"]
[BlackElo "1896"]
[Annotator "NA"]
[PlyCount "29"]
[EventDate "2019.06.21"]
[EventType "swiss"]
[EventCountry "HUN"]
[SourceTitle "playchess.com"]
[Source "ChessBase"]
[SourceQuality "1"]
[TimeControl "40/5400+30:1800+30"]

1. d4 Nf6 2. Nf3 g6 3. g3 d5 4. Bg2 Bg7 5. c4 O-O 6. Nc3 c5 7. Qb3 cxd4 8. Nxd4 e5 9. Nc2 dxc4 10. Qxc4 Nc6 11. Nd5 Be6 12. Nxf6+ Bxf6 13. Qa4 Rc8 14. O-O a6 15. Rd1 0-1

[Event "HUN-ch U8-U18 2019"]
[Site "Balatonlelle"]
[Date "2019.06.21"]
[Round "1.26"]
[White "Turcsanyi, Vince Gergo"]
[Black "Vancsisin, Mark"]
[Result "1-0"]
[ECO "C77"]
[WhiteElo "1816"]
[BlackElo "1246"]
[Annotator "NA"]
[PlyCount "93"]
[EventDate "2019.06.21"]
[EventType "swiss"]
[EventCountry "HUN"]
[SourceTitle "playchess.com"]
[Source "ChessBase"]
[SourceQuality "1"]
[TimeControl "40/5400+30:1800+30"]

1. e4 e5 2. Nf3 Nc6 3. Bb5 a6 4. Ba4 Nf6 5. Qe2 b5 6. Bb3 Be7 7. c3 d6 8. O-O O-O 9. d4 Bg4 10. Rd1 d5 11. dxe5 Nxe5 12. Bxd5 Nxd5 13. Rxd5 Bd6 14. Nbd2 Be6 15. Rxe5 Bxe5 16. Nxe5 Qd6 17. Nef3 Rad8 18. Nd4 Rfe8 19. a4 c6 20. axb5 cxb5 21. Nxe6 Rxe6 22. h3 f5 23. Qf3 g6 24. b3 Rde8 25. exf5 Re1+ 26. Nf1 Qd1 27. Qxd1 Rxd1 28. Bb2 Rxa1 29. Bxa1 Re1 30. Bb2 Rb1 31. Ba3 Rxb3 32. Bb4 gxf5 33. Ne3 Kf7 34. Nxf5 Kf6 35. Nd4 Rb1+ 36. Kh2 Ke5 37. Kg3 Kd5 38. f4 Rxb4 39. cxb4 Kxd4 40. f5 Ke5 41. Kg4 Kf6 42. Kf4 h6 43. g4 Kf7 44. Ke5 Ke7 45. h4 a5 46. bxa5 b4 47. Kd4 1-0

[Event "HUN-ch U8-U18 2019"]
[Site "Balatonlelle"]
[Date "2019.06.21"]
[Round "1.27"]
[White "Cserpes, Gabor Janos"]
[Black "Giang, Tran Nam"]
[Result "0-1"]
[ECO "B21"]
[WhiteElo "1263"]
[BlackElo "2008"]
[Annotator "NA"]
[PlyCount "44"]
[EventDate "2019.06.21"]
[EventType "swiss"]
[EventCountry "HUN"]
[SourceTitle "playchess.com"]
[Source "ChessBase"]
[SourceQuality "1"]
[TimeControl "40/5400+30:1800+30"]

1. e4 c5 2. f4 d5 3. Nc3 e6 4. Nf3 dxe4 5. Nxe4 Nc6 6. Be2 Nh6 7. O-O Be7 8. h3 Nf5 9. d3 O-O 10. c3 b6 11. Qc2 Bb7 12. Rd1 Qc7 13. d4 cxd4 14. cxd4 Rac8 15. d5 Ncd4 16. Nxd4 Nxd4 17. Qxc7 Nxe2+ 18. Kf2 Rxc7 19. Kxe2 Bxd5 20. g3 Bxe4 21. Ke3 Bg2 22. Rg1 Bc5+ 0-1

[Event "HUN-ch U8-U18 2019"]
[Site "Balatonlelle"]
[Date "2019.06.21"]
[Round "1.28"]
[White "Panda, Barnabas"]
[Black "Nagy, Levente"]
[Result "1-0"]
[ECO "E70"]
[WhiteElo "1722"]
[BlackElo "2092"]
[Annotator "NA"]
[PlyCount "75"]
[EventDate "2019.06.21"]
[EventType "swiss"]
[EventCountry "HUN"]
[SourceTitle "playchess.com"]
[Source "ChessBase"]
[SourceQuality "1"]
[TimeControl "40/5400+30:1800+30"]

1. d4 Nf6 2. c4 g6 3. Nc3 Bg7 4. e4 O-O 5. e5 Ne8 6. f4 d6 7. Nf3 b6 8. Bd3 c5 9. Be4 Nc6 10. Bxc6 Rb8 11. Be3 Nc7 12. O-O cxd4 13. Bxd4 Ne6 14. Be3 Qc7 15. Nd5 Qd8 16. Qa4 a6 17. exd6 exd6 18. Qb3 Nc5 19. Bxc5 dxc5 20. Rad1 Be6 21. Ne5 Bxe5 22. fxe5 Bxd5 23. Bxd5 Qc7 24. e6 fxe6 25. Bxe6+ Kh8 26. Rxf8+ Rxf8 27. Rd7 Qf4 28. Qc3+ Rf6 29. Qf3 Qxf3 30. gxf3 Rxe6 31. Kf2 a5 32. b3 Kg8 33. a4 Kh8 34. f4 Kg8 35. Kf3 Kh8 36. Kg4 Re3 37. Kg5 Rxb3 38. Kf6 1-0

[Event "HUN-ch U8-U18 2019"]
[Site "Balatonlelle"]
[Date "2019.06.21"]
[Round "1.29"]
[White "Toth, Rafael"]
[Black "Csernyik, Mark"]
[Result "1/2-1/2"]
[ECO "B01"]
[WhiteElo "1178"]
[BlackElo "1704"]
[Annotator "NA"]
[PlyCount "112"]
[EventDate "2019.06.21"]
[EventType "swiss"]
[EventCountry "HUN"]
[SourceTitle "playchess.com"]
[Source "ChessBase"]
[SourceQuality "1"]
[TimeControl "40/5400+30:1800+30"]

1. e4 d5 2. exd5 Qxd5 3. Nc3 Qd6 4. Nf3 Nf6 5. Be2 a6 6. O-O b6 7. d4 Bb7 8. Be3 e6 9. Qd2 Be7 10. Rad1 O-O 11. a3 Nc6 12. Bf4 Qd8 13. Rfe1 Bd6 14. Bg5 Be7 15. b4 b5 16. Ne5 Nxe5 17. dxe5 Nd5 18. Bxe7 Qxe7 19. Bf3 Rad8 20. Nxd5 Bxd5 21. Bxd5 Rxd5 22. Qf4 Rfd8 23. Rxd5 Rxd5 24. c4 Rd3 25. Ra1 Qd7 26. g3 Rd4 27. Qf3 bxc4 28. Qa8+ Qd8 29. Qxd8+ Rxd8 30. a4 h6 31. b5 Ra8 32. Rb1 Rb8 33. Kg2 axb5 34. axb5 Kh7 35. f4 Rd8 36. Rc1 Rd4 37. Kf3 Kg6 38. g4 Rd5 39. Rxc4 Rxb5 40. Rxc7 Rb3+ 41. Kg2 Rb4 42. Kf3 f6 43. h4 fxe5 44. fxe5 Rb3+ 45. Kf4 Rb4+ 46. Kf3 Rb6 47. Kf4 Kh7 48. h5 Rb8 49. Re7 Rb6 50. Re8 g6 51. Re7+ Kg8 52. hxg6 Ra6 53. g7 Kh7 54. Rf7 Kg8 55. Re7 Kh7 56. Rd7 Ra8 1/2-1/2

[Event "HUN-ch U8-U18 2019"]
[Site "Balatonlelle"]
[Date "2019.06.21"]
[Round "1.30"]
[White "Foldes, Marton Gabor"]
[Black "Baki, Bence"]
[Result "1-0"]
[ECO "C44"]
[WhiteElo "1653"]
[BlackElo "1174"]
[Annotator "NA"]
[PlyCount "33"]
[EventDate "2019.06.21"]
[EventType "swiss"]
[EventCountry "HUN"]
[SourceTitle "playchess.com"]
[Source "ChessBase"]
[SourceQuality "1"]
[TimeControl "40/5400+30:1800+30"]

1. e4 e5 2. Nf3 Nc6 3. d4 exd4 4. Bc4 Bb4+ 5. c3 dxc3 6. bxc3 Bc5 7. Qd5 Qe7 8. Bg5 f6 9. Bf4 d6 10. Nbd2 Bd7 11. O-O O-O-O 12. Rab1 g5 13. Be3 g4 14. Nd4 Qe5 15. Ba6 bxa6 16. Nxc6 Qxd5 17. Rb8# 1-0

[Event "HUN-ch U8-U18 2019"]
[Site "Balatonlelle"]
[Date "2019.06.21"]
[Round "1.31"]
[White "Tarsoly, Csanad"]
[Black "Pasti, Zsombor"]
[Result "0-1"]
[ECO "C45"]
[WhiteElo "1110"]
[BlackElo "1641"]
[Annotator "NA"]
[PlyCount "46"]
[EventDate "2019.06.21"]
[EventType "swiss"]
[EventCountry "HUN"]
[SourceTitle "playchess.com"]
[Source "ChessBase"]
[SourceQuality "1"]
[TimeControl "40/5400+30:1800+30"]

1. e4 e5 2. Nf3 Nc6 3. d4 exd4 4. Nxd4 Bc5 5. Nb3 Bb6 6. Qe2 d6 7. Nc3 Nf6 8. Be3 O-O 9. O-O-O Bxe3+ 10. Qxe3 Re8 11. f3 a5 12. g4 a4 13. Nd4 a3 14. b3 Nb4 15. h4 Qe7 16. Bc4 d5 17. Bd3 c5 18. Nde2 d4 19. Nxd4 cxd4 20. Qxd4 Rd8 21. Qe3 Nfd5 22. Qd2 Nxc3 23. Qxc3 Nxa2+ 0-1

[Event "HUN-ch U8-U18 2019"]
[Site "Balatonlelle"]
[Date "2019.06.21"]
[Round "1.32"]
[White "Vadkerti, Vince"]
[Black "Berla, Zoltan Mate"]
[Result "1-0"]
[ECO "B01"]
[WhiteElo "1558"]
[BlackElo "1098"]
[Annotator "NA"]
[PlyCount "33"]
[EventDate "2019.06.21"]
[EventType "swiss"]
[EventCountry "HUN"]
[SourceTitle "playchess.com"]
[Source "ChessBase"]
[SourceQuality "1"]
[TimeControl "40/5400+30:1800+30"]

1. e4 d5 2. exd5 Qxd5 3. Nc3 Qd6 4. d4 Nf6 5. Bd3 c6 6. Nf3 Nbd7 7. h3 Nb6 8. O-O Bd7 9. Bg5 O-O-O 10. a3 h6 11. Bh4 Be6 12. Bg3 Qd7 13. Qe2 g5 14. Qe5 Qd6 15. Qa5 Qd7 16. Qxa7 Nfd5 17. Qb8# 1-0

[Event "HUN-ch U8-U18 2019"]
[Site "Balatonlelle"]
[Date "2019.06.21"]
[Round "1.33"]
[White "Keresztesi, Aron Bendeguz"]
[Black "Matyassy, Lazar"]
[Result "0-1"]
[ECO "D74"]
[WhiteElo "1069"]
[BlackElo "1539"]
[Annotator "NA"]
[PlyCount "48"]
[EventDate "2019.06.21"]
[EventType "swiss"]
[EventCountry "HUN"]
[SourceTitle "playchess.com"]
[Source "ChessBase"]
[SourceQuality "1"]
[TimeControl "40/5400+30:1800+30"]

1. d4 Nf6 2. Nf3 g6 3. c4 Bg7 4. g3 O-O 5. Bg2 d5 6. cxd5 Nxd5 7. O-O c6 8. Qc2 Nc7 9. e3 Bf5 10. Qb3 Nb5 11. a4 Nd6 12. Nc3 a5 13. Bd2 Na6 14. d5 Bd3 15. Rfe1 Bc4 16. Qc2 cxd5 17. b3 Nb4 18. Qb2 Nd3 19. Qa3 Nxe1 20. Rxe1 Bd3 21. Nxd5 Be4 22. Nc3 Bxf3 23. Bxf3 Nc4 24. bxc4 Qxd2 0-1

[Event "HUN-ch U8-U18 2019"]
[Site "Balatonlelle"]
[Date "2019.06.21"]
[Round "1.34"]
[White "Karacsonyi, Bank"]
[Black "Porpaczy, Marton"]
[Result "1-0"]
[ECO "C44"]
[WhiteElo "1529"]
[BlackElo "1058"]
[Annotator "NA"]
[PlyCount "73"]
[EventDate "2019.06.21"]
[EventType "swiss"]
[EventCountry "HUN"]
[SourceTitle "playchess.com"]
[Source "ChessBase"]
[SourceQuality "1"]
[TimeControl "40/5400+30:1800+30"]

1. e4 e5 2. Nf3 Nc6 3. d4 exd4 4. Bc4 Nge7 5. O-O g6 6. Bf4 Bg7 7. Ng5 O-O 8. Qf3 Qe8 9. Bxc7 Nb4 10. Na3 a6 11. Bb3 b5 12. e5 Nbc6 13. Nb1 Bb7 14. Qh3 h6 15. Ne4 Nc8 16. Nc5 Na5 17. Bxa5 Bc6 18. Re1 Qe7 19. Nd3 Qg5 20. Bd2 Qd8 21. Bxh6 Ne7 22. Bg5 a5 23. Nf4 a4 24. Nxg6 axb3 25. Nxe7+ Qxe7 26. Bxe7 Rfe8 27. Ba3 bxa2 28. Rxa2 Bd5 29. Ra1 b4 30. Qxd7 Be6 31. Qxd4 bxa3 32. Nxa3 Rad8 33. Qe3 Bf5 34. b4 Rxe5 35. Qg5 Rde8 36. Rxe5 Rxe5 37. Nc4 1-0

[Event "HUN-ch U8-U18 2019"]
[Site "Balatonlelle"]
[Date "2019.06.21"]
[Round "1.35"]
[White "Gencsi, David Sandor"]
[Black "Megyeri, Martin"]
[Result "0-1"]
[ECO "B33"]
[WhiteElo "1038"]
[BlackElo "1520"]
[Annotator "NA"]
[PlyCount "52"]
[EventDate "2019.06.21"]
[EventType "swiss"]
[EventCountry "HUN"]
[SourceTitle "playchess.com"]
[Source "ChessBase"]
[SourceQuality "1"]
[TimeControl "40/5400+30:1800+30"]

1. e4 c5 2. Nf3 Nc6 3. d4 cxd4 4. Nxd4 Nf6 5. Nxc6 bxc6 6. e5 Nd5 7. Bc4 Nb6 8. Bd3 g6 9. O-O Bg7 10. Re1 O-O 11. Bf4 d6 12. exd6 exd6 13. c3 Be6 14. Be4 d5 15. Bf3 Qd7 16. Be5 Bxe5 17. Rxe5 Nc4 18. Re2 Rfe8 19. b3 Nb6 20. Rd2 Bg4 21. h3 Bxf3 22. Qxf3 Qd6 23. Na3 Qxa3 24. b4 Qa6 25. Qf6 Re6 26. Qg5 Rae8 0-1

[Event "HUN-ch U8-U18 2019"]
[Site "Balatonlelle"]
[Date "2019.06.21"]
[Round "1.36"]
[White "Havasi, Gergely Bulcsu"]
[Black "Bardics, Marko"]
[Result "1-0"]
[ECO "D02"]
[WhiteElo "1486"]
[BlackElo "1010"]
[Annotator "NA"]
[PlyCount "81"]
[EventDate "2019.06.21"]
[EventType "swiss"]
[EventCountry "HUN"]
[SourceTitle "playchess.com"]
[Source "ChessBase"]
[SourceQuality "1"]
[TimeControl "40/5400+30:1800+30"]

1. d4 d5 2. Nf3 Nf6 3. Bf4 Nc6 4. e3 e6 5. a3 Bd6 6. Bxd6 cxd6 7. c4 O-O 8. Nc3 dxc4 9. Bxc4 d5 10. Bd3 Re8 11. O-O Qc7 12. Qb3 Na5 13. Qa2 Nc6 14. Rac1 Bd7 15. Nb5 Qd8 16. Nd6 Rf8 17. Nxb7 Qc7 18. Nc5 Rfe8 19. Bb5 Rac8 20. Nxd7 Qxd7 21. Ne5 Qd6 22. Rxc6 Rxc6 23. Bxc6 Rc8 24. Ba4 h6 25. h3 Qe7 26. Qb3 Ne4 27. Rd1 f6 28. Nc6 Qd6 29. Qb4 Rxc6 30. Bxc6 Qxc6 31. Qe1 Qd7 32. Rc1 Kh7 33. f3 Ng5 34. Qg3 Qb5 35. Rc7 Qxb2 36. h4 Qe2 37. hxg5 Qxe3+ 38. Kh2 fxg5 39. Qe5 Qf4+ 40. Qxf4 gxf4 41. Rxa7 1-0

[Event "HUN-ch U8-U18 2019"]
[Site "Balatonlelle"]
[Date "2019.06.22"]
[Round "2.1"]
[White "Nagy, Bettina"]
[Black "Pasti, Anna"]
[Result "0-1"]
[ECO "B24"]
[WhiteElo "1542"]
[BlackElo "1955"]
[Annotator "NA"]
[PlyCount "74"]
[EventDate "2019.06.21"]
[EventType "swiss"]
[EventCountry "HUN"]
[SourceTitle "playchess.com"]
[Source "ChessBase"]
[SourceQuality "1"]
[TimeControl "40/5400+30:1800+30"]

1. e4 c5 2. Nc3 Nc6 3. d3 e6 4. Nge2 a6 5. a4 Nge7 6. Be3 b6 7. g3 g6 8. d4 cxd4 9. Nxd4 Bg7 10. Qd2 O-O 11. Bg2 Bb7 12. O-O Qc7 13. Nxc6 dxc6 14. Rad1 Rfd8 15. Qc1 c5 16. Rd3 Rxd3 17. cxd3 Rd8 18. Rd1 Nc6 19. Ne2 Nd4 20. Nxd4 Bxd4 21. b4 Qd6 22. e5 Qb8 23. Bxb7 Qxb7 24. Bxd4 cxd4 25. Qc4 b5 26. axb5 axb5 27. Qc5 Rd5 28. Qc1 Rxe5 29. Qf4 Rd5 30. Rc1 e5 31. Qg4 Kg7 32. f4 exf4 33. Qxf4 Qe7 34. Rf1 Qe3+ 35. Qxe3 dxe3 36. Rf3 Rxd3 37. Kf1 Rb3 0-1

[Event "HUN-ch U8-U18 2019"]
[Site "Balatonlelle"]
[Date "2019.06.21"]
[Round "2.1"]
[White "Vilics, Hanna"]
[Black "Markus, Molli Amina"]
[Result "0-1"]
[ECO "A49"]
[WhiteElo "1285"]
[BlackElo "1755"]
[Annotator "NA"]
[PlyCount "144"]
[EventDate "2019.06.21"]
[EventType "swiss"]
[EventCountry "HUN"]
[SourceTitle "playchess.com"]
[Source "ChessBase"]
[SourceQuality "1"]
[TimeControl "40/5400+30:1800+30"]

1. d4 Nf6 2. Nf3 g6 3. g3 Bg7 4. Bg2 O-O 5. O-O d6 6. c4 Nbd7 7. b3 c5 8. Bb2 cxd4 9. Nxd4 Nb6 10. Nd2 Rb8 11. Rc1 Nfd7 12. Qc2 Nc5 13. e3 Ne6 14. N2f3 Nxd4 15. Nxd4 Bd7 16. Rfd1 Bxd4 17. Rxd4 Qc7 18. Rcd1 Bc6 19. Bxc6 Qxc6 20. Qc3 f6 21. Qd3 Nd7 22. Qe4 Qxe4 23. Rxe4 Kf7 24. Ba3 b6 25. Kf1 Nc5 26. Bxc5 bxc5 27. Rh4 Rh8 28. e4 h5 29. Rf4 a5 30. Rd3 Rb7 31. Ke2 Rhb8 32. Rff3 a4 33. h4 Ra8 34. Rd2 Rb4 35. Kd1 axb3 36. axb3 Ra1+ 37. Kc2 Ra3 38. Kb2 Ra8 39. Kc3 Rab8 40. Kc2 Kg7 41. Rd5 R4b6 42. Rd2 Rf8 43. Rdd3 e6 44. Rfe3 Ra8 45. Kc3 Ra2 46. Rd2 Rxb3+ 47. Kxb3 Rxd2 48. f4 Kf7 49. Kc3 Ra2 50. Kb3 Ra7 51. Rd3 Ke7 52. Kb2 Rb7+ 53. Kc3 f5 54. e5 dxe5 55. fxe5 Ra7 56. Kb2 Ra4 57. Kb3 Ra1 58. Kb2 Re1 59. Kc3 Rxe5 60. Rf3 Re1 61. Rf2 Re3+ 62. Kd2 Rxg3 63. Rh2 Rg4 64. Kd3 Rd4+ 65. Kc3 Kf6 66. Rh1 f4 67. Rh3 Kf5 68. Rh1 e5 69. Re1 f3 70. Rf1 Rf4 71. Kd3 e4+ 72. Ke3 Rxh4 {[%emt 0:00:06] Kd4 Ke5+} 0-1

[Event "HUN-ch U8-U18 2019"]
[Site "Balatonlelle"]
[Date "2019.06.22"]
[Round "2.2"]
[White "Juhasz, Judit"]
[Black "Somogyi, Barbara"]
[Result "1-0"]
[ECO "B01"]
[WhiteElo "1963"]
[BlackElo "1577"]
[Annotator "NA"]
[PlyCount "57"]
[EventDate "2019.06.21"]
[EventType "swiss"]
[EventCountry "HUN"]
[SourceTitle "playchess.com"]
[Source "ChessBase"]
[SourceQuality "1"]
[TimeControl "40/5400+30:1800+30"]

1. e4 d5 2. exd5 Qxd5 3. Nc3 Qd6 4. d4 c6 5. Be3 Nf6 6. Bd3 Bg4 7. f3 Bh5 8. Nge2 Bg6 9. Bf4 Qd8 10. Qd2 e6 11. Ne4 Nxe4 12. fxe4 Bd6 13. O-O-O Qc7 14. e5 Be7 15. Bxg6 hxg6 16. c4 Nd7 17. Kb1 Nb6 18. Rc1 Qd7 19. Rhd1 O-O 20. h4 f6 21. exf6 gxf6 22. Bh6 Rfd8 23. Qd3 f5 24. h5 g5 25. Qe3 Bf6 26. Bxg5 Qf7 27. Bxf6 Qxf6 28. g4 Kh8 29. g5 1-0

[Event "HUN-ch U8-U18 2019"]
[Site "Balatonlelle"]
[Date "2019.06.22"]
[Round "2.2"]
[White "Nandin-Erdene, Davaademberel"]
[Black "Papp, Regina"]
[Result "1-0"]
[ECO "B01"]
[WhiteElo "1581"]
[BlackElo "1252"]
[Annotator "NA"]
[PlyCount "87"]
[EventDate "2019.06.21"]
[EventType "swiss"]
[EventCountry "HUN"]
[SourceTitle "playchess.com"]
[Source "ChessBase"]
[SourceQuality "1"]
[TimeControl "40/5400+30:1800+30"]

1. e4 d5 2. exd5 Nf6 3. d4 Nxd5 4. c4 Nf6 5. Nc3 Bf5 6. Nf3 e6 7. Qb3 Nc6 8. Qxb7 Nb4 9. Kd1 Nc2 10. Qc6+ Nd7 11. Ne5 Rc8 12. Nxd7 Qxd7 13. Qxd7+ Kxd7 14. g4 Nxa1 15. gxf5 exf5 16. b3 Rb8 17. Bd3 Bb4 18. Bb2 c5 19. Bxa1 cxd4 20. Nb5 Bc5 21. Nxd4 Bxd4 22. Bxd4 Kc6 23. Bxg7 Rhd8 24. Kc2 Rg8 25. Bd4 Rbd8 26. Be3 h5 27. Bxf5 a6 28. Be4+ Kc7 29. Bd5 Rg7 30. Re1 f5 31. Bf4+ Kc8 32. Re5 h4 33. Rxf5 Re8 34. Be3 h3 35. Rf6 a5 36. Ra6 Rge7 37. Rxa5 Kd7 38. Ra7+ Kc8 39. Rxe7 Rxe7 40. a4 Kb8 41. b4 Rg7 42. a5 Rg2 43. Bxg2 hxg2 44. f4 1-0

[Event "HUN-ch U8-U18 2019"]
[Site "Balatonlelle"]
[Date "2019.06.22"]
[Round "2.3"]
[White "Ivan, Reka Gyongyver"]
[Black "Gombocz, Zsofia"]
[Result "1-0"]
[ECO "D00"]
[WhiteElo "1619"]
[BlackElo "2077"]
[Annotator "NA"]
[PlyCount "87"]
[EventDate "2019.06.21"]
[EventType "swiss"]
[EventCountry "HUN"]
[SourceTitle "playchess.com"]
[Source "ChessBase"]
[SourceQuality "1"]
[TimeControl "40/5400+30:1800+30"]

1. d4 d5 2. Bf4 c5 3. e3 Nc6 4. c3 Nf6 5. Nd2 Bf5 6. Qb3 Qd7 7. Ngf3 c4 8. Qd1 e6 9. Be2 h6 10. b3 Ba3 11. e4 dxe4 12. Ne5 Nxe5 13. dxe5 Nd5 14. Nxc4 Nxf4 15. Nxa3 Nxg2+ 16. Kf1 Bh3 17. Bb5 Ne3+ 18. Ke1 Nxd1 19. Rxd1 Rd8 20. Bxd7+ Rxd7 21. Rxd7 Kxd7 22. Nb5 Rc8 23. c4 Rc5 24. Rg1 g6 25. Nd6 Ke7 26. Nxb7 Rxe5 27. Rg3 Bf5 28. b4 f6 29. Ke2 Kd7 30. Nc5+ Kc6 31. Nb3 g5 32. Nd4+ Kb7 33. Nb5 Bg6 34. Ra3 a6 35. Nd6+ Kb6 36. c5+ Kc7 37. Rxa6 Bh5+ 38. Ke3 Rd5 39. Nb5+ Kb7 40. Rd6 f5 41. Rxd5 exd5 42. Nd6+ Kc7 43. Nxf5 Bg6 44. Nxh6 1-0

[Event "HUN-ch U8-U18 2019"]
[Site "Balatonlelle"]
[Date "2019.06.21"]
[Round "2.3"]
[White "Vidak, Boglarka"]
[Black "Kiraly, Lilla Virag"]
[Result "0-1"]
[ECO "B11"]
[WhiteElo "1248"]
[BlackElo "1557"]
[Annotator "NA"]
[PlyCount "102"]
[EventDate "2019.06.21"]
[EventType "swiss"]
[EventCountry "HUN"]
[SourceTitle "playchess.com"]
[Source "ChessBase"]
[SourceQuality "1"]
[TimeControl "40/5400+30:1800+30"]

1. e4 c6 2. Nc3 d5 3. Nf3 Bg4 4. h3 Bxf3 5. Qxf3 e6 6. d4 Nf6 7. e5 Nfd7 8. Qg3 Qb6 9. Ne2 c5 10. c3 Nc6 11. dxc5 Qxc5 12. Be3 Qb5 13. b3 Ncxe5 14. Nc1 Qa5 15. b4 Qc7 16. Bd4 f6 17. Be2 Rc8 18. Bb5 a6 19. Bxd7+ Nxd7 20. Qxc7 Rxc7 21. Ne2 Bd6 22. Rd1 Ne5 23. O-O Nc6 24. Be3 Ne7 25. a3 Be5 26. Bd4 Bxd4 27. Rxd4 Kf7 28. Rc1 Rhc8 29. Rd2 e5 30. Rcd1 Rd8 31. f3 Rcd7 32. g4 Nc6 33. Kf2 d4 34. Kf1 Ke6 35. cxd4 Nxd4 36. Nxd4+ Rxd4 37. Rxd4 exd4 38. Ke2 Ke5 39. Rd3 Kd5 40. Kd2 Kc4 41. Kc2 Re8 42. Kd2 g5 43. Kc2 Re3 44. Rd1 d3+ 45. Kd2 Re2+ 46. Kc1 Kc3 47. Kb1 d2 48. Ka2 Re1 49. Rxe1 dxe1=Q 50. a4 Qd2+ 51. Kb1 Qe3 0-1

[Event "HUN-ch U8-U18 2019"]
[Site "Balatonlelle"]
[Date "2019.06.22"]
[Round "2.4"]
[White "Persanyi, Barnabas"]
[Black "Szilagyi, Norbert"]
[Result "1-0"]
[ECO "A05"]
[WhiteElo "2404"]
[BlackElo "2093"]
[Annotator "ChessBase"]
[PlyCount "179"]
[EventDate "2019.06.21"]
[EventType "swiss"]
[EventCountry "HUN"]
[SourceTitle "playchess.com"]
[Source "ChessBase"]
[SourceQuality "1"]
[TimeControl "40/5400+30:1800+30"]

1. Nf3 Nf6 2. g3 b6 3. Bg2 Bb7 4. O-O e6 5. d3 Be7 6. e4 d6 7. Nbd2 O-O 8. Re1 Nbd7 9. Qe2 c5 10. a4 a6 11. b3 Nb8 12. Bb2 Nc6 13. Nc4 Nd7 14. Rad1 b5 15. axb5 axb5 16. Na3 Qa5 17. Ra1 Qb6 18. d4 Ba6 19. d5 Nd8 20. Bf1 Rb8 21. Qd2 e5 22. Bh3 Bc8 23. c3 Nf6 24. Bxc8 Rxc8 25. c4 b4 26. Nb5 Nb7 27. Qd3 Nh5 28. Ra7 Ra8 29. Rea1 Rxa7 30. Rxa7 g6 31. Qd1 Ng7 32. Qa1 f5 33. Qa6 Qxa6 34. Rxa6 fxe4 35. Nd2 e3 36. fxe3 Bg5 37. Nf1 Nf5 38. Bc1 Rf7 39. Bd2 e4 40. Ra7 Kg7 41. Bc1 h5 42. Ra8 Rf8 43. Ra7 Rf7 44. Kg2 Bd8 45. Bb2+ Bf6 46. Bxf6+ Kxf6 47. Kf2 Kg5 48. Kg2 Kf6 49. Ra2 Ke5 50. Na7 Nd8 51. Ra6 Ne7 52. h3 g5 53. Nb5 Nf5 54. Ra8 Rd7 55. Kf2 Nh6 56. Ke2 Nhf7 57. Nd2 Kf5 58. Ra1 Re7 59. Rf1+ Kg6 60. h4 Nb7 61. hxg5 Nxg5 62. Rf8 Nf7 63. Ra8 Kf6 64. Ra1 Nbd8 65. Rf1+ Ke5 66. Rh1 Ng5 67. Rxh5 Ndf7 68. Rh4 Kf5 69. Rf4+ Kg6 70. Rf1 Kh5 71. Rf6 Rd7 72. Re6 Kg4 73. Nxe4 Nxe4 74. Rxe4+ Kxg3 75. Re6 Kg4 76. e4 Kf4 77. Rf6+ Kg5 78. Rf1 Ne5 79. Nxd6 Rxd6 80. Rf5+ Kg4 81. Rxe5 Kf4 82. Re6 Rd8 83. Kd3 Rh8 84. Rf6+ Ke5 85. Rf5+ Kd6 86. e5+ Ke7 87. Ke4 Rh3 88. d6+ Ke8 89. Rf3 Rh4+ 90. Kd5 1-0

[Event "HUN-ch U8-U18 2019"]
[Site "Balatonlelle"]
[Date "2019.06.21"]
[Round "2.4"]
[White "Vilics, Hanna"]
[Black "Markus, Molli Amina"]
[Result "*"]
[WhiteElo "1285"]
[BlackElo "1755"]
[Annotator "NA"]
[PlyCount "37"]
[EventDate "2019.06.21"]
[EventType "swiss"]
[EventCountry "HUN"]
[SourceTitle "playchess.com"]
[Source "ChessBase"]
[SourceQuality "1"]
[TimeControl "40/5400+30:1800+30"]

1. e4 e5 2. Nf3 Nc6 3. Bc4 Bc5 4. O-O Nf6 5. h3 O-O 6. Nc3 d6 7. d3 h6 8. Be3 Bb6 9. Nd5 Be6 10. Nxf6+ Qxf6 11. Bxe6 fxe6 12. Nd2 Qg6 13. Nc4 Bxe3 14. fxe3 Rxf1+ 15. Qxf1 Rf8 16. Qe2 d5 17. exd5 exd5 18. Nd2 Qe6 19. e4 *

[Event "HUN-ch U8-U18 2019"]
[Site "Balatonlelle"]
[Date "2019.06.22"]
[Round "2.5"]
[White "Papp, Bence"]
[Black "Karacsonyi, Gellert"]
[Result "1/2-1/2"]
[ECO "B34"]
[WhiteElo "2094"]
[BlackElo "2304"]
[Annotator "NA"]
[PlyCount "103"]
[EventDate "2019.06.21"]
[EventType "swiss"]
[EventCountry "HUN"]
[SourceTitle "playchess.com"]
[Source "ChessBase"]
[SourceQuality "1"]
[TimeControl "40/5400+30:1800+30"]

1. e4 c5 2. Nf3 Nc6 3. d4 cxd4 4. Nxd4 g6 5. Nc3 Bg7 6. Nb3 d6 7. Be2 Nf6 8. O-O O-O 9. Bg5 Be6 10. Qd2 Rc8 11. Rad1 Ne5 12. f3 Bc4 13. Nd4 Bxe2 14. Ncxe2 a6 15. b3 b5 16. Be3 Rc7 17. Qa5 Qc8 18. a4 bxa4 19. Qxa4 Ned7 20. c4 Qb7 21. Nc1 Rb8 22. Nc2 Nc5 23. Qa5 Ne8 24. b4 Ne6 25. c5 Bc3 26. Nd3 Qc8 27. Qa3 Bf6 28. f4 dxc5 29. Nxc5 Nxc5 30. Bxc5 Nd6 31. e5 Nb5 32. Qf3 Bg7 33. Ne3 Qe6 34. Ra1 Rd7 35. f5 Qxe5 36. Rxa6 Nd4 37. Bxd4 Rxd4 38. fxg6 fxg6 39. Qf7+ Kh8 40. Re6 Qb5 41. Rxe7 Rg8 42. h3 Rxb4 43. Qd5 Qxd5 44. Nxd5 Rbb8 45. Rff7 Rbf8 46. Kf2 Rxf7+ 47. Rxf7 Rd8 48. Nf4 Re8 49. Kf3 Kg8 50. Rb7 Rf8 51. Ke4 Re8+ 52. Kf3 1/2-1/2

[Event "HUN-ch U8-U18 2019"]
[Site "Balatonlelle"]
[Date "2019.06.21"]
[Round "2.5"]
[White "Nandin-Erdene, Davaademberel"]
[Black "Papp, Regina"]
[Result "*"]
[WhiteElo "1581"]
[BlackElo "1252"]
[Annotator "NA"]
[PlyCount "22"]
[EventDate "2019.06.21"]
[EventType "swiss"]
[EventCountry "HUN"]
[SourceTitle "playchess.com"]
[Source "ChessBase"]
[SourceQuality "1"]
[TimeControl "40/5400+30:1800+30"]

1. d4 d5 2. Nf3 Nc6 3. Bf4 Nf6 4. e3 Bg4 5. Nbd2 e6 6. c3 Bd6 7. Bg3 Ne4 8. Bd3 Nxg3 9. hxg3 Bf5 10. Bc2 Qe7 11. Qb1 Qd7 *